 Dungeon Crawl Stone Soup version 0.14.0-12-g87ee3b7 (webtiles) character file.

4323 Nameless the Nimble (level 10, 0/84 HPs)
             Began as a White Draconian Berserker on Apr 15, 2014.
             Was a High Priest of Trog.
             Slain by an orc wizard
             ... wielding a +0,+0 flail
              (11 damage)
             ... on Level 8 of the Dungeon.
             The game lasted 00:54:33 (9761 turns).

Nameless the Nimble (White Draconian Berserker)     Turns: 9761, Time: 00:54:34

HP   0/84        AC  9     Str 23      XL: 10   Next:  2%
MP  13/13        EV 16     Int  8      God: Trog [*****.]
Gold 352         SH  0     Dex 10      Spells:  0 memorised,  9 levels left

rFire  . . .     SeeInvis .     D - +1,+3 spear (vamp)
rCold  + . .     Clarity  .     (armour unavailable)
rNeg   . . .     Conserve .     (no shield)
rPois  +         rCorr    .     (helmet restricted)
rElec  .         rRot     .     (no cloak)
SustAb . .       Spirit   .     (no gloves)
rMut   .         Warding  .     o - +1 pair of boots
Saprov . . .     Stasis   .     (no amulet)
MR     .....                    z - ring of sustenance
                                x - cursed ring of poison resistance

@: not resistant to hostile enchantments, fairly stealthy
A: breathe frost, unfitting armour, cold resistance 1, AC +7
a: Breathe Frost, Burn Spellbooks, Berserk, Trog's Hand, Brothers in Arms,
Renounce Religion


You were on level 8 of the Dungeon.
You worshipped Trog.
Trog was extremely pleased with you.
You were hungry.

You visited 1 branch of the dungeon, and saw 8 of its levels.

You collected 364 gold pieces.

Inventory:

Hand weapons
 k - a +0,+3 battleaxe of chopping
 D - a +1,+3 vampiric spear (weapon)
Armour
 o - a +1 pair of boots (worn)
Magical devices
 a - a wand of enslavement (18)
 b - a wand of lightning (3) {unknown}
 j - a wand of enslavement (16)
 q - a wand of random effects (8)
Comestibles
 c - 6 bread rations
 n - a rambutan
Scrolls
 f - 5 scrolls of identify
 g - 2 scrolls of fog
 i - 2 scrolls of enchant weapon I
 r - a scroll of teleportation
Jewellery
 m - a cursed ring of teleportation
 x - a cursed ring of poison resistance (left hand)
 z - a ring of sustenance (right hand)
Potions
 d - a potion of curing
 e - a potion of restore abilities
 h - a potion of lignification {unknown}
 l - a potion of degeneration
 p - a potion of mutation {unknown}
 v - a potion of agility


   Skills:
 + Level 6.3 Fighting
   Level 5.4 Short Blades
 + Level 4.0 Polearms
 + Level 10.7 Dodging
 + Level 3.1 Stealth
 + Level 1.8 Evocations


You had 9 spell levels left.
You didn't know any spells.

Dungeon Overview and Level Annotations

Branches:
Dungeon (8/15)             Temple (0/1) D:4
   Lair: D:8-11

Altars:
Ashenzari
Makhleb
Nemelex Xobeh
Xom
Yredelemnul

Shops:
D:4 ?   D:5 }   D:7 *


Innate Abilities, Weirdness & Mutations

You can breathe waves of freezing cold.
You can buffet flying creatures when you breathe cold.
Your icy white scales are hard (AC +7).
Your body does not fit into most forms of armour.
Your cold-blooded metabolism reacts poorly to cold.
Your flesh is cold resistant.


Message History

You barely miss the orc wizard.
The orc wizard is almost dead.
The orc wizard hits you with a flail.
The orc priest calls upon Beogh to heal the orc wizard.
The orc wizard is healed somewhat.
You hit the orc wizard.
You feel better.
The orc wizard is almost dead.
The orc wizard misses you.
The orc priest invokes the aid of Beogh against you.
Something smites you!
* * * LOW HITPOINT WARNING * * *
The orc wizard gestures at you while chanting.
The puff of flame hits you!
* * * LOW HITPOINT WARNING * * *
The orc wizard points at you and mumbles some strange words.
The puff of flame hits you!
* * * LOW HITPOINT WARNING * * *
There is a stone staircase leading up here.
The orc wizard hits you with a flail!
You die...

....
#.........
#..........
#.........$.
#............
#............
#............
#..oo.........
#..[.@....#
#........$#
#.........#
#.........#
#.........#
#.........#
#.........#
#.........
....


You could see an orc priest and an orc wizard.

Vanquished Creatures
  Grinder (D:6)
  A hungry ghost (D:7)
  Menkaure (D:6)
  3 ice beasts
  A phantom (D:4)
  2 sky beasts
  5 ogres
  7 centaurs
  2 giant frogs (D:6)
  A gnoll sergeant (D:6)
  A jelly (D:5)
  11 killer bees (D:7)
  A scorpion (D:7)
  4 crimson imps
  3 orc priests
  A centaur skeleton (D:4)
  4 hounds
  A giant frog skeleton (D:6)
  A gnoll shaman (D:6)
  9 orc wizards
  2 iguanas
  4 worker ants
  A hound zombie (D:7)
  A hound skeleton (D:4)
  9 gnolls (D:6)
  6 adders
  An orc skeleton (D:7)
  An inept item mimic (D:6)
  A goliath beetle zombie (D:7)
  4 worms
  An adder skeleton (D:7)
  2 oozes
  21 orcs
  11 bats
  4 giant cockroaches
  12 goblins
  16 hobgoblins
  6 jackals
  4 quokkas
  2 ball pythons
  3 giant geckos
  6 giant newts
  A goblin skeleton (D:5)
  A jackal skeleton (D:4)
  16 kobolds
  A kobold zombie (D:5)
  2 orc zombies
  11 rats
  A ballistomycete (D:7)
211 creatures vanquished.

Vanquished Creatures (collateral kills)
  A centaur (D:6)
1 creature vanquished.

Vanquished Creatures (others)
  A giant spore (D:7)
1 creature vanquished.

Grand Total: 213 creatures vanquished

Notes
Turn   | Place    | Note
--------------------------------------------------------------
     0 | D:1      | Nameless, the Draconian Berserker, began the quest for the Orb.
     0 | D:1      | Reached XP level 1. HP: 19/19 MP: 1/1
   213 | D:1      | Reached XP level 2. HP: 26/26 MP: 2/2
   402 | D:1      | Acquired Trog's second power
   741 | D:2      | Reached XP level 3. HP: 20/33 MP: 3/3
   792 | D:2      | Found a sparkling altar of Nemelex Xobeh.
   815 | D:2      | Found a shattered altar of Ashenzari.
  1649 | D:3      | Reached XP level 4. HP: 40/40 MP: 4/4
  1703 | D:2      | Reached skill level 4 in Fighting
  2136 | D:4      | Noticed an ogre
  2143 | D:4      | Killed an ogre
  2143 | D:4      | Reached skill level 1 in Stealth
  2143 | D:4      | Reached XP level 5. HP: 46/46 MP: 5/5
  2200 | D:4      | Found Siaso's Magic Scroll Boutique.
  2202 | D:4      | Noticed an ogre
  2214 | D:4      | Killed an ogre
  2214 | D:4      | Reached XP level 6. HP: 50/53 MP: 6/6
  2454 | D:4      | Reached skill level 1 in Evocations
  2505 | D:4      | Noticed a phantom
  2538 | D:4      | Killed a phantom
  2573 | D:4      | Reached skill level 5 in Dodging
  2575 | D:4      | Your scales start taking on an icy white colour.
  2575 | D:4      | Gained mutation: Your flesh is cold resistant. [draconian maturity]
  2575 | D:4      | Reached XP level 7. HP: 60/60 MP: 8/8
  2629 | D:4      | Found a staircase to the Ecumenical Temple.
  2751 | D:5      | Entered Level 5 of the Dungeon
  2787 | D:5      | Reached skill level 5 in Short Blades
  2835 | D:5      | Found Nyikkad's Gadget Shop.
  2841 | D:5      | Found a basalt altar of Yredelemnul.
  2912 | D:5      | Acquired Trog's third power
  3851 | D:5      | Reached skill level 6 in Dodging
  4400 | D:6      | Reached XP level 8. HP: 67/67 MP: 9/9
  4553 | D:6      | Noticed Menkaure
  4571 | D:6      | HP: 5/100 [orc wizard/glowing dagger (3)]
  4813 | D:5      | Reached skill level 7 in Dodging
  5078 | D:6      | Killed Menkaure
  5078 | D:6      | Reached skill level 5 in Fighting
  5477 | D:6      | Noticed Grinder
  5489 | D:6      | Paralysed by Grinder for 7 turns
  5510 | D:6      | Paralysed by Grinder for 5 turns
  5532 | D:6      | Killed Grinder
  5532 | D:6      | Reached skill level 1 in Polearms
  5532 | D:6      | Reached skill level 8 in Dodging
  6457 | D:6      | Reached XP level 9. HP: 39/74 MP: 11/11
  6734 | D:6      | Reached skill level 9 in Dodging
  7424 | D:6      | Found a shimmering altar of Xom.
  7424 | D:6      | Found a burning altar of Makhleb.
  8438 | D:7      | Reached skill level 10 in Dodging
  8581 | D:7      | Received a gift from Trog
  9300 | D:7      | Reached XP level 10. HP: 34/84 MP: 13/13
  9309 | D:7      | Found Ewaiczeu's General Store.
  9761 | D:8      | Slain by an orc wizard

Action                   |  1- 3 |  4- 6 |  7- 9 | 10-12 || total
-------------------------+-------+-------+-------+-------++-------
Melee: Short sword       |   156 |    47 |       |       ||   203
       Dagger            |       |    93 |   268 |       ||   361
       Spear             |       |       |   692 |    41 ||   733
Invok: Burn Spellbooks   |     1 |       |     1 |       ||     2
       Berserk           |       |     4 |     8 |       ||    12
Evoke: Deck              |     8 |       |       |       ||     8
       Wand              |       |     1 |     4 |       ||     5
  Use: Scroll            |       |     1 |    10 |       ||    11
       Potion            |       |       |    10 |       ||    10
 Stab: Sleeping          |     1 |     1 |     1 |       ||     3
